 Dungeon Crawl Stone Soup version 0.19.4-9-g45fd643 (webtiles) character file.

3901 nikopol the Cleaver (level 10, -10/88 HPs)
             Began as a Minotaur Berserker on Feb 20, 2017.
             Was a High Priest of Trog.
             Mangled by a six-headed hydra (13 damage)
             ... on level 9 of the Dungeon.
             The game lasted 00:18:50 (10114 turns).

nikopol the Cleaver (Minotaur Berserker)           Turns: 10114, Time: 00:18:51

Health: -10/88     AC:  8    Str: 22    XL:     10   Next: 0%
Magic:  9/9        EV: 14    Int:  4    God:    Trog [*****.]
Gold:   583        SH:  0    Dex: 13    Spells: 0 memorised, 9 levels left

rFire  . . .     SeeInvis .     a - +1 hand axe (freeze)
rCold  . . .     Gourm    .     k - +0 ring mail
rNeg   . . .     Faith    .     (no shield)
rPois  .         Spirit   .     (helmet restricted)
rElec  .         Reflect  .     (no cloak)
rCorr  .         Harm     .     (no gloves)
MR     .....                    J - +0 pair of boots (curse)
Stlth  +.........               (no amulet)
                                (no ring)
                                (no ring)

@: no status effects
A: retaliatory headbutt, horns 2
a: Berserk, Trog's Hand, Brothers in Arms, Burn Spellbooks, Renounce Religion


You were on level 9 of the Dungeon.
You worshipped Trog.
Trog was extremely pleased with you.
You were not hungry.

You visited 1 branch of the dungeon, and saw 9 of its levels.

You collected 583 gold pieces.

Inventory:

Hand Weapons
 a - a +1 hand axe of freezing (weapon)
 m - a +0 war axe
 y - a +0 hand axe
 z - a +0 shortbow
Missiles
 u - 139 arrows (quivered)
Armour
 b - a +0 animal skin
 k - a +0 ring mail (worn)
 J - a cursed +0 pair of boots (worn)
Jewellery
 K - an uncursed ring of fire {unknown}
Wands
 L - a wand of polymorph (12/24)
Scrolls
 h - a scroll of noise {unknown}
 n - 6 scrolls of remove curse {unknown}
 o - 2 scrolls of enchant weapon {unknown}
 q - 3 scrolls of fog {unknown}
 r - a scroll of amnesia {unknown}
 v - 4 scrolls of identify {unknown}
 x - 2 scrolls of fear {unknown}
 B - 2 scrolls of random uselessness {unknown}
 C - 2 scrolls of enchant armour {unknown}
 D - a scroll of summoning {unknown}
 E - 2 scrolls of recharging {unknown}
 H - 2 scrolls of teleportation {unknown}
 O - a scroll of vulnerability {unknown}
Potions
 d - 3 potions of flight {unknown}
 e - 4 potions of curing {unknown}
 f - a potion of might {unknown}
 g - 2 potions of resistance {unknown}
 i - 3 potions of degeneration {unknown}
 j - 2 potions of berserk rage {unknown}
 l - 2 potions of mutation {unknown}
 p - 2 potions of magic {unknown}
 s - 5 potions of lignification {unknown}
 t - 4 potions of agility
 w - a potion of cure mutation {unknown}
 A - a potion of cancellation {unknown}
 G - 2 potions of haste {unknown}
 M - a potion of heal wounds {unknown}
Comestibles
 c - 5 bread rations
 F - 2 meat rations
 I - 2 beef jerkies
 N - a slice of pizza
 P - 8 chunks of flesh


   Skills:
 + Level 7.9 Fighting
 * Level 10.0 Axes
 * Level 7.0 Bows
 + Level 7.7 Armour
 + Level 6.6 Dodging


You had 9 spell levels left.
You didn't know any spells.

Dungeon Overview and Level Annotations

Branches:
Dungeon (9/15)             Temple (0/1) D:4            Lair (0/6) D:8
    Orc: D:9-12

Altars:
Ashenzari
Cheibriados
Dithmenos
Fedhas
Gozag
Nemelex Xobeh
Ru
Trog
Uskayaw
Vehumet
Xom
Yredelemnul
The Shining One


Innate Abilities, Weirdness & Mutations

You reflexively headbutt those who attack you in melee.
You have a pair of horns on your head.


Message History

The six-headed hydra closely misses you.
Firing (i - inventory):
u - 140 arrows (quivered)
Press: ? - help, Shift-Dir - straight line, f/p - six-headed hydra
Aim: a six-headed hydra (severely wounded)
You shoot an arrow. The arrow hits the six-headed hydra.
The six-headed hydra is severely wounded.
The six-headed hydra bites you! x2
* * * LOW HITPOINT WARNING * * *
The six-headed hydra closely misses you.
The six-headed hydra bites you!
* * * LOW HITPOINT WARNING * * *
The six-headed hydra completely misses you.
The six-headed hydra bites you but does no damage.
Wield which item (- for none, * to show all)? (? for menu, Esc to quit)
Your +1 hand axe of freezing glows with a cold blue light!
a - a +1 hand axe of freezing (weapon)
The six-headed hydra bites you!
* * * LOW HITPOINT WARNING * * *
The six-headed hydra barely misses you. The six-headed hydra bites you!
You die...

#..# #..# #..#
#..# #..# #..#
#..#
########..#######
.......@.........
......D##########
....... .....=(
......( .......
....... #######


You could see a six-headed hydra.

Vanquished Creatures
  Prince Ribbit (D:8)
  A two-headed ogre (D:8)
  4 hippogriffs
  2 yaks (D:8)
  The ghost of cotteux the Chopper, an amateur GrBe of Trog (D:3)
  2 orc warriors
  2 sky beasts
  3 centaurs
  2 ogres (D:4)
  2 crocodiles (D:8)
  2 bullfrogs
  A scorpion (D:4)
  4 killer bees (D:8)
  A howler monkey (D:5)
  2 crimson imps
  2 hounds
  4 orc priests
  A bullfrog skeleton (D:4)
  9 orc wizards
  Jessica (D:3)
  An iguana (D:6)
  6 worker ants
  A mummy (D:8)
  A worker ant zombie (D:7)
  Robin (D:4)
  3 gnolls (D:4)
  12 adders
  A river rat (D:8)
  3 shadow imps
  An ooze (D:3)
  2 adder zombies
  6 worms
  2 dart slugs
  7 leopard geckos
  29 orcs
  4 ball pythons
  8 giant cockroaches
  2 gnoll zombies (D:3)
  21 goblins
  11 hobgoblins
  8 jackals
  11 kobolds
  5 quokkas
  12 bats
  6 frilled lizards
  A leopard gecko zombie (D:6)
  10 rats
  19 fungi (D:8)
  19 plants (D:8)
260 creatures vanquished.

Vanquished Creatures (others)
  A bullfrog skeleton (D:7)
  A quokka (D:7)
2 creatures vanquished.

Grand Total: 262 creatures vanquished

Notes
Turn   | Place    | Note
-------+----------+-------------------------------------------
     0 | D:1      | nikopol the Minotaur Berserker began the quest for the Orb.
     0 | D:1      | Reached XP level 1. HP: 19/19 MP: 0/0
   445 | D:1      | Found a glowing golden altar of the Shining One.
   473 | D:1      | Reached XP level 2. HP: 26/27 MP: 1/1
   839 | D:2      | Reached skill level 4 in Axes
   841 | D:2      | Reached XP level 3. HP: 21/33 MP: 2/2
  1023 | D:2      | Found a shattered altar of Ashenzari.
  1182 | D:2      | Reached ** piety under Trog
  1529 | D:2      | Reached XP level 4. HP: 36/40 MP: 3/3
  1745 | D:3      | Found a sacrificial altar of Ru.
  1869 | D:3      | Noticed Jessica
  1877 | D:3      | Killed Jessica
  1879 | D:3      | Noticed cotteux's ghost (amateur GrBe)
  1886 | D:3      | Killed cotteux's ghost
  1886 | D:3      | Reached skill level 5 in Axes
  1886 | D:3      | Reached XP level 5. HP: 47/47 MP: 4/4
  2253 | D:3      | Reached skill level 5 in Fighting
  2253 | D:3      | Reached XP level 6. HP: 46/56 MP: 5/5
  2417 | D:3      | Found a basalt altar of Yredelemnul.
  2528 | D:3      | Reached *** piety under Trog
  2829 | D:3      | Found a faded altar of an unknown god.
  2829 | D:3      | Found a faded altar of an unknown god.
  2834 | D:3      | Found a faded altar of an unknown god.
  2836 | D:3      | Found a faded altar of an unknown god.
  2838 | D:3      | Found a blossoming altar of Fedhas.
  3382 | D:4      | Noticed Robin
  3393 | D:4      | Reached skill level 5 in Armour
  3397 | D:4      | Killed Robin
  3409 | D:4      | Reached XP level 7. HP: 48/61 MP: 6/6
  3671 | D:4      | Reached skill level 6 in Axes
  3671 | D:4      | Reached skill level 1 in Bows
  3977 | D:4      | Reached **** piety under Trog
  3990 | D:4      | Found an opulent altar of Gozag.
  4034 | D:4      | Found a staircase to the Ecumenical Temple.
  4222 | D:5      | Entered Level 5 of the Dungeon
  4239 | D:5      | Found a hide-covered altar of Uskayaw.
  4703 | D:5      | Reached skill level 7 in Axes
  4703 | D:5      | Reached skill level 5 in Dodging
  4703 | D:5      | Reached XP level 8. HP: 70/70 MP: 7/7
  4769 | D:5      | Noticed a hippogriff
  5362 | D:6      | Found a sparkling altar of Nemelex Xobeh.
  5550 | D:6      | Found a shimmering altar of Xom.
  6192 | D:7      | Found a radiant altar of Vehumet.
  6635 | D:7      | Noticed a hippogriff
  6643 | D:7      | Killed a hippogriff
  6643 | D:7      | Reached skill level 8 in Axes
  6976 | D:8      | Reached ***** piety under Trog
  7163 | D:8      | Reached skill level 5 in Bows
  7163 | D:8      | Reached XP level 9. HP: 40/78 MP: 8/8
  8188 | D:8      | Received a gift from Trog
  8188 | D:8      | Reached skill level 9 in Axes
  8214 | D:8      | Noticed Prince Ribbit
  8228 | D:8      | Killed Prince Ribbit
  8477 | D:8      | Found a snail-covered altar of Cheibriados.
  8600 | D:8      | You fall through a shaft!
  9124 | D:8      | Found a shadowy altar of Dithmenos.
  9615 | D:8      | Found a staircase to the Lair.
  9916 | D:9      | Found a bloodstained altar of Trog.
  9998 | D:9      | Reached skill level 10 in Axes
 10046 | D:9      | Reached XP level 10. HP: 88/88 MP: 9/9
 10107 | D:9      | Noticed a six-headed hydra
 10114 | D:9      | HP: 3/88 [six-headed hydra (12)]
 10114 | D:9      | Mangled by a six-headed hydra

Skill      XL: |  1  2  3  4  5  6  7  8  9 |
---------------+----------------------------+-----
Armour         | 3 4 5 6 7 |  7.7
Fighting       | 4 5 6 7 |  7.9
Axes           | 4 5 7 8 10 | 10.0
Dodging        | 3 4 5 6 |  6.6
Bows           | 2 5 7 |  7.0

Action                   |  1- 3 |  4- 6 |  7- 9 | 10-12 || total
-------------------------+-------+-------+-------+-------++-------
Melee: Hand axe          |    74 |   145 |   450 |     2 ||   671
       Headbutt          |    19 |    27 |   160 |       ||   206
       War axe           |       |       |    21 |       ||    21
       Shortbow          |       |       |       |     3 ||     3
 Fire: Shortbow          |       |       |   207 |    11 ||   218
Invok: Berserk           |       |     2 |     1 |       ||     3
       Burn Spellbooks   |       |     1 |     1 |       ||     2
  Eat: Chunk             |     2 |     7 |    23 |       ||    32
Armor: Animal skin       |     5 |       |       |       ||     5
       Ring mail         |    14 |    37 |    64 |     4 ||   119
Dodge: Dodged            |    37 |    76 |   179 |     9 ||   301
